[Event "Titled Tuesday Blitz March 29 Early 2022"]
[White "Kejzar, Petra"]
[Black "Estrada Nieto, Julian"]
[WhiteFideId "14610213"]
[BlackFideId "5101018"]
[WhiteElo "2003"]
[BlackElo "2246"]
[Result "0-1"]
[Round "10"]
[TimeControl "180+1"]
[Date "2022.03.30"]
[WhiteClock "0:00:03"]
[BlackClock "0:00:21"]

1. e4 e5 2. Nf3 Nc6 3. Bb5 a6 4. Ba4 Nf6 5. O-O Be7 6. Re1 b5 7. Bb3 d6 8. h3 O-O 9. a4 Bb7 10. axb5 axb5 11. Rxa8 Qxa8 12. c3 Na5 13. Bc2 c5 14. d3 c4 15. Bg5 h6 16. Bxf6 Bxf6 17. Nbd2 cxd3 18. Bxd3 Nc4 19. Bxc4 bxc4 20. Nxc4 Bxe4 21. Nfd2 Bxg2 22. Qg4 Bc6 23. Nxd6 Qd8 24. N2e4 Bg5 25. b4 Bd7 26. Qg2 Bf4 27. c4 Qe7 28. c5 Rb8 29. Rb1 f5 30. Nc3 e4 31. Nd5 Qe5 32. Rd1 Bg5 33. Nc4 Qe6 34. Ncb6 Bc6 35. Qg3 Re8 36. Qc7 e3 37. Nxe3 Bxe3 38. Re1 Bxf2+ 0-1


[Site "https://www.chess.com"]

[Event "Titled Tuesday Blitz March 29 Early 2022"]
[White "Kostina, Nadezhda"]
[Black "Petrova, Irina"]
[WhiteFideId "4195876"]
[BlackFideId "14124122"]
[WhiteElo "1982"]
[BlackElo "1993"]
[Result "1-0"]
[Round "10"]
[TimeControl "180+1"]
[Date "2022.03.30"]
[WhiteClock "0:00:36"]
[BlackClock "0:00:45"]

1. e4 d6 2. d4 Nf6 3. Nc3 e5 4. Be3 Nbd7 5. Nf3 Be7 6. Bc4 O-O 7. h3 c6 8. Bb3 b5 9. Nd2 Bb7 10. a4 b4 11. Ne2 exd4 12. Nxd4 c5 13. Nf5 Nxe4 14. Qg4 Bf6 15. Nxe4 Bxe4 16. Qxe4 Bxb2 17. Rd1 Bc3+ 18. Kf1 Nf6 19. Qf3 Qc7 20. Rxd6 c4 21. Rc6 Qd7 22. Bxc4 Ne4 23. Bd3 Qxc6 24. Ne7+ 1-0


[Site "https://www.chess.com"]

[Event "Titled Tuesday Blitz March 29 Early 2022"]
[White "Kiltti, Jyrki"]
[Black "Flis, Pawel"]
[WhiteFideId "501204"]
[BlackFideId "1112864"]
[WhiteElo "2245"]
[BlackElo "1735"]
[Result "1-0"]
[Round "10"]
[TimeControl "180+1"]
[Date "2022.03.30"]
[WhiteClock "0:00:41"]
[BlackClock "0:00:04"]

1. Nc3 c5 2. g4 d5 3. Bg2 d4 4. Ne4 e5 5. e3 Nc6 6. d3 Nf6 7. Nxf6+ Qxf6 8. Bxc6+ Qxc6 9. e4 Be7 10. h3 Be6 11. f4 Bh4+ 12. Ke2 h5 13. f5 Bd7 14. Nf3 Bg3 15. Qg1 hxg4 16. hxg4 Rxh1 17. Qxh1 O-O-O 18. Bd2 c4 19. Qh7 Kb8 20. Qxg7 cxd3+ 21. cxd3 Qc2 22. Rc1 Qxb2 23. Qxf7 Bf4 24. Qe7 Qb6 25. Rb1 Qc7 26. Bxf4 exf4 27. Qe5 Qxe5 28. Nxe5 Ba4 29. f6 Rh8 30. f7 a6 31. g5 Ka7 32. g6 Bc2 33. Rc1 Rh2+ 34. Kf3 Rh3+ 35. Kxf4 Rh4+ 36. Kg5 Rh2 37. f8=Q Ba4 38. Qc5+ Ka8 39. Qxd4 Rg2+ 40. Kf6 Be8 41. Qd8+ Ka7 42. Qxe8 Rf2+ 43. Ke7 Rg2 44. Nc6+ Kb6 45. Qd8+ Kb5 46. Qa5# 1-0


[Site "https://www.chess.com"]

[Event "Titled Tuesday Blitz March 29 Early 2022"]
[White "Kosteniuk, Alexandra"]
[Black "Zaksaite, Salomeja"]
[WhiteFideId "4128125"]
[BlackFideId "12801496"]
[WhiteElo "2469"]
[BlackElo "1953"]
[Result "1-0"]
[Round "10"]
[TimeControl "180+1"]
[Date "2022.03.30"]
[WhiteClock "0:01:14"]
[BlackClock "0:00:01"]

1. Nf3 c5 2. g3 Nc6 3. Bg2 g6 4. d4 cxd4 5. Nxd4 Bg7 6. Nb3 Nf6 7. c4 O-O 8. Nc3 d6 9. O-O a6 10. Bg5 h6 11. Be3 Kh7 12. h3 Ne5 13. Nd2 Qc7 14. b3 Bd7 15. Rc1 Rac8 16. f4 Nc6 17. Nd5 Qb8 18. Nb6 Rcd8 19. Bf2 e5 20. a3 exf4 21. gxf4 Be6 22. e4 Nh5 23. f5 Bc8 24. Nd5 Ne5 25. Nf3 Nf6 26. Nd4 Nxd5 27. exd5 b5 28. Qc2 bxc4 29. bxc4 Kg8 30. Be4 g5 31. Kh1 Bf6 32. Bg3 Kg7 33. Bxe5 Bxe5 34. Nc6 Qc7 35. f6+ Kg8 36. Bf5 1-0


[Site "https://www.chess.com"]

[Event "Titled Tuesday Blitz March 29 Early 2022"]
[White "Kostiukov, Alexandr"]
[Black "Mikhalsky, Vladimir"]
[WhiteFideId "14108100"]
[BlackFideId "14144352"]
[WhiteElo "2202"]
[BlackElo "2301"]
[Result "0-1"]
[Round "10"]
[TimeControl "180+1"]
[Date "2022.03.30"]
[WhiteClock "0:00:05"]
[BlackClock "0:00:46"]

1. g3 c5 2. Bg2 Nc6 3. c4 Nf6 4. Nf3 d5 5. cxd5 Nxd5 6. Nc3 Nc7 7. O-O e5 8. e3 Be7 9. b3 O-O 10. Bb2 Bf5 11. e4 Be6 12. d3 f6 13. a3 Qd7 14. Qc2 Rfd8 15. Rfd1 Na5 16. Nd2 Qxd3 17. Qxd3 Rxd3 18. Nd5 Nxd5 19. exd5 Bxd5 20. Bf1 Rd4 21. Bxd4 cxd4 22. b4 Nc6 23. Bg2 Rd8 24. Rac1 f5 25. Bxd5+ Rxd5 26. Nb3 d3 27. f3 e4 28. fxe4 fxe4 29. Kf2 Bg5 30. Rc5 e3+ 31. Kf3 e2 32. Rb1 Ne5+ 33. Ke4 d2 34. Nxd2 Rxc5 35. bxc5 Bxd2 36. Kxe5 e1=Q+ 37. Rxe1 Bxe1 0-1


[Site "https://www.chess.com"]

[Event "Titled Tuesday Blitz March 29 Early 2022"]
[White "Kozak, Antoni"]
[Black "Postny, Evgeny"]
[WhiteFideId "21832030"]
[BlackFideId "2804344"]
[WhiteElo "2236"]
[BlackElo "2483"]
[Result "1-0"]
[Round "10"]
[TimeControl "180+1"]
[Date "2022.03.29"]
[WhiteClock "0:00:46"]
[BlackClock "0:01:41"]

1. d4 Nf6 2. c4 e5 3. dxe5 Ne4 4. a3 d6 5. Nf3 Nc6 6. Bf4 a5 7. e3 Bg4 8. Be2 Qd7 9. exd6 Bxd6 10. Bxd6 Nxd6 11. Nc3 O-O-O 12. c5 Bxf3 13. Bxf3 Nc4 14. Bg4 f5 15. Qxd7+ Kxd7 16. Bxf5+ Ke7 17. b3 N4e5 18. Ke2 Rhf8 19. Be4 Ng4 20. f3 Nf6 21. Rhd1 Ne5 22. Bxb7 Rb8 23. c6 Nf7 24. Nb5 Nd6 25. Nxd6 cxd6 26. Rac1 1-0


[Site "https://www.chess.com"]

[Event "Titled Tuesday Blitz March 29 Early 2022"]
[White "Krysa, Leandro"]
[Black "Ianov, Viktor"]
[WhiteFideId "116807"]
[BlackFideId "14102730"]
[WhiteElo "2490"]
[BlackElo "2161"]
[Result "1-0"]
[Round "10"]
[TimeControl "180+1"]
[Date "2022.03.30"]
[WhiteClock "0:00:05"]
[BlackClock "0:01:09"]

1. e4 d6 2. d4 Nf6 3. Nc3 c6 4. Nf3 Bg4 5. h3 Bh5 6. Qe2 e6 7. g4 Bg6 8. h4 h5 9. g5 Nfd7 10. Bh3 Be7 11. d5 e5 12. Be3 O-O 13. O-O-O Qc7 14. Kb1 Nb6 15. Rhe1 N8d7 16. Nd2 Rfd8 17. f4 exf4 18. Bxf4 Ne5 19. Nb3 a5 20. Nd4 Bf8 21. Nf5 cxd5 22. Nxd5 Nxd5 23. Rxd5 a4 24. a3 Ra5 25. Red1 Rxd5 26. Rxd5 Re8 27. Qb5 Qc6 28. Qxc6 bxc6 29. Nxd6 Bxd6 30. Rxd6 Bxe4 31. Rd4 Nf3 32. Rxa4 Ne1 33. Rc4 Nxc2 34. Rxc2 Bxc2+ 35. Kxc2 Re4 36. Bd2 Rxh4 37. Bg2 Rh2 38. Bxc6 h4 39. a4 Re2 40. a5 h3 41. b4 Re6 42. Bh1 h2 43. b5 Re5 44. a6 Rxb5 45. a7 Rc5+ 46. Bc3 Rc8 47. a8=Q Rxa8 48. Bxa8 Kh7 49. Be4+ Kg8 50. Kd2 Kf8 51. Ke2 f6 52. g6 Ke7 53. Kf2 Ke6 54. Kg2 f5 55. Bc2 f4 56. Kxh2 f3 57. Kg3 Ke7 58. Kxf3 Ke6 59. Bxg7 Ke7 60. Bc3 1-0


[Site "https://www.chess.com"]

[Event "Titled Tuesday Blitz March 29 Early 2022"]
[White "Lagunov, Evgenij"]
[Black "Vusatiuk, Vladimir"]
[WhiteFideId "4125363"]
[BlackFideId "14118610"]
[WhiteElo "2200"]
[BlackElo "2157"]
[Result "0-1"]
[Round "10"]
[TimeControl "180+1"]
[Date "2022.03.30"]
[WhiteClock "0:00:02"]
[BlackClock "0:00:06"]

1. e4 c5 2. Nf3 a6 3. c4 Nc6 4. d4 cxd4 5. Nxd4 Nf6 6. Nc3 e6 7. Nxc6 bxc6 8. e5 Ng8 9. Ne4 Qa5+ 10. Nc3 Qxe5+ 11. Be2 d5 12. cxd5 cxd5 13. O-O Nf6 14. Re1 Qb8 15. Bf3 Be7 16. Qe2 Bb7 17. g3 O-O 18. Bf4 Bd6 19. Bg5 Nd7 20. Rac1 Ne5 21. Bg2 a5 22. Nb5 Ba6 23. a4 Bxb5 24. axb5 Nc4 25. b3 Na3 26. h4 Nxb5 27. h5 h6 28. Be3 Qb7 29. Qg4 Kh8 30. Bf1 Rac8 31. Bd3 Bb4 32. Red1 Nc3 33. Bd4 f5 34. Qg6 Nxd1 35. Rxd1 Qf7 36. Qxh6+ Kg8 37. Qg5 Bc3 38. Be3 Qf6 39. Qf4 e5 40. Qa4 e4 41. Be2 d4 42. Bf4 d3 43. Bf1 Be5 44. Be3 Kh8 45. h6 gxh6 46. Bg2 Rfd8 0-1


[Site "https://www.chess.com"]

[Event "Titled Tuesday Blitz March 29 Early 2022"]
[White "Le, Tuan Minh"]
[Black "Andreikin, Dmitry"]
[WhiteFideId "12401153"]
[BlackFideId "4158814"]
[WhiteElo "2450"]
[BlackElo "2736"]
[Result "1/2-1/2"]
[Round "10"]
[TimeControl "180+1"]
[Date "2022.03.29"]
[WhiteClock "0:00:05"]
[BlackClock "0:00:12"]

1. d4 d5 2. Nf3 Nf6 3. Bf4 Nh5 4. Be5 Nc6 5. e3 Bg4 6. Be2 e6 7. Bg3 Nxg3 8. hxg3 Be7 9. c4 dxc4 10. Bxc4 Qd6 11. Nc3 O-O-O 12. Qa4 Qb4 13. Qxb4 Bxb4 14. Rc1 h6 15. Bb5 Bxf3 16. gxf3 Ne7 17. Ke2 Kb8 18. Ne4 Nf5 19. Bd3 Be7 20. Rc3 h5 21. Rhc1 c6 22. Rb3 Ka8 23. g4 hxg4 24. fxg4 Nh6 25. Rg1 g5 26. Rc3 Nxg4 27. Rxg4 f5 28. Rg2 fxe4 29. Bxe4 Bf6 30. Rc5 a6 31. a3 Be7 32. Re5 Rh6 33. Bf3 Rd6 34. b4 Bf6 35. Rc5 Ka7 36. Rg1 Rh2 37. a4 Bd8 38. b5 cxb5 39. axb5 a5 40. b6+ Rxb6 41. Rxa5+ Kb8 42. Ra2 Rb3 43. Rga1 Be7 44. Bg4 Rb6 45. Ra8+ Kc7 46. Rc1+ Kd6 47. Rc2 Rh4 48. Kf3 e5 49. dxe5+ Kxe5 50. Ra5+ Kf6 51. Rc7 Bd8 52. Rd7 Rb4 53. Rf5+ Ke6 54. Rxd8 Rhxg4 55. Rdf8 Rg1 56. R8f6+ Ke7 57. Rf7+ Ke6 58. R7f6+ Ke7 59. Rg6 g4+ 60. Ke2 Rb2+ 61. Kd3 Rd1+ 62. Kc3 Rdd2 63. Rxg4 Rbc2+ 64. Kb3 Rb2+ 65. Kc3 Rbc2+ 66. Kb3 Rb2+ 67. Ka4 Rxf2 68. Rxf2 Rxf2 69. Rg7+ Kd6 70. Rxb7 Rf1 71. Rh7 Re1 72. Rh3 Kd5 73. Kb3 Ke4 74. Kc3 Rxe3+ 75. Rxe3+ Kxe3 1/2-1/2


[Site "https://www.chess.com"]

[Event "Titled Tuesday Blitz March 29 Early 2022"]
[White "Marcziter, Dmitrii"]
[Black "Todorovic, Bojan"]
[WhiteFideId "13900765"]
[BlackFideId "917087"]
[WhiteElo "2155"]
[BlackElo "2266"]
[Result "0-1"]
[Round "10"]
[TimeControl "180+1"]
[Date "2022.03.30"]
[WhiteClock "0:01:11"]
[BlackClock "0:00:19"]

1. d4 d5 2. c4 dxc4 3. e4 Nc6 4. Nf3 Bg4 5. Be3 e6 6. Bxc4 Bxf3 7. gxf3 Bb4+ 8. Nc3 Nge7 9. d5 Bxc3+ 10. bxc3 Ne5 11. Qa4+ c6 12. dxe6 b5 13. exf7+ Kf8 14. Bxb5 cxb5 15. Qxb5 Qc7 16. Bc5 Qxc5 17. Qxc5 Nd3+ 18. Ke2 Nxc5 19. Rhd1 Kxf7 20. Ke3 Rhd8 21. f4 Rxd1 22. Rxd1 Rc8 23. Rd6 Rc6 24. Rd8 Nb7 25. Ra8 Rxc3+ 26. Kd2 Ra3 27. Rb8 Nc5 28. e5 Ne6 29. Rb7 Nxf4 30. Rb2 g5 31. Rc2 h6 32. Rb2 Ned5 33. Kc2 Ke6 34. Kb1 Kxe5 35. Rb8 Rf3 36. Re8+ Kd4 37. Rh8 Rxf2 38. Rxh6 Nc3+ 39. Kc1 Nd3# 0-1


[Site "https://www.chess.com"]

[Event "Titled Tuesday Blitz March 29 Early 2022"]
[White "Martin Duque, Jesus"]
[Black "Bintang, Rasyid A. Hidayat"]
[WhiteFideId "2208954"]
[BlackFideId "7105355"]
[WhiteElo "2243"]
[BlackElo "2380"]
[Result "1-0"]
[Round "10"]
[TimeControl "180+1"]
[Date "2022.03.30"]
[WhiteClock "0:02:20"]
[BlackClock "0:02:28"]

1. e4 d5 2. exd5 Nf6 3. d4 Nxd5 4. Nf3 Bg4 5. h3 Bxf3 6. Qxf3 Nc6 7. c3 e5 8. Bb5 exd4 9. O-O Be7 10. c4 Nb4 11. a3 a6 12. Ba4 b5 13. cxb5 axb5 14. Bxb5 Qd6 15. Bf4 Qc5 16. axb4 1-0


[Site "https://www.chess.com"]

[Event "Titled Tuesday Blitz March 29 Early 2022"]
[White "Martin, Lewis"]
[Black "Bachmann, Axel"]
[WhiteFideId "410551"]
[BlackFideId "3700488"]
[WhiteElo "2145"]
[BlackElo "2587"]
[Result "0-1"]
[Round "10"]
[TimeControl "180+1"]
[Date "2022.03.30"]
[WhiteClock "0:00:54"]
[BlackClock "0:00:16"]

1. e4 c5 2. Nf3 d6 3. d4 cxd4 4. Nxd4 Nf6 5. Nc3 a6 6. Bg5 Nbd7 7. Qe2 g6 8. f4 Bg7 9. O-O-O O-O 10. e5 dxe5 11. fxe5 Qa5 12. Bxf6 exf6 13. e6 Ne5 14. exf7+ Kh8 15. h3 b5 16. Kb1 Bd7 17. g4 Rac8 18. Nb3 Qb6 19. Nd5 Qe6 20. Bg2 Qxf7 21. Rhf1 Be6 22. Nf4 Bc4 23. Nd3 Nxd3 24. cxd3 Bxb3 25. axb3 Qxb3 26. Rc1 f5 27. gxf5 gxf5 28. Rxc8 Rxc8 29. Rxf5 a5 30. Be4 a4 31. d4 a3 32. Rxb5 a2+ 33. Ka1 Rc1+ 34. Bb1 Rxb1# 0-1


[Site "https://www.chess.com"]

[Event "Titled Tuesday Blitz March 29 Early 2022"]
[White "Martinez Alcantara, Jose Eduardo"]
[Black "Aravindh, Chithambaram VR."]
[WhiteFideId "3805662"]
[BlackFideId "5072786"]
[WhiteElo "2690"]
[BlackElo "2561"]
[Result "1-0"]
[Round "10"]
[TimeControl "180+1"]
[Date "2022.03.29"]
[WhiteClock "0:00:04"]
[BlackClock "0:00:02"]

1. e4 g6 2. d4 Bg7 3. c3 d6 4. Bd3 e5 5. Nf3 Bg4 6. dxe5 dxe5 7. h3 Bxf3 8. Qxf3 Nf6 9. Bg5 h6 10. Bh4 Nbd7 11. Nd2 Nc5 12. Bc2 Qe7 13. Nc4 O-O-O 14. O-O Kb8 15. Rfd1 Ne6 16. Nxe5 Ng5 17. Bxg5 hxg5 18. Nxf7 Qxf7 19. e5 Rdf8 20. exf6 Bxf6 21. Re1 g4 22. Qxg4 Bh4 23. Rf1 Bxf2+ 24. Kh1 Qd5 25. Rad1 Qxa2 26. Qb4 a5 27. Qb5 Qe6 28. Qd3 g5 29. Qd7 Qb6 30. b4 axb4 31. cxb4 Bg3 32. Bf5 Bd6 33. b5 Qe3 34. Rxd6 Rxh3+ 35. gxh3 g4 36. Rd3 Qe2 37. Rc1 1-0


[Site "https://www.chess.com"]

[Event "Titled Tuesday Blitz March 29 Early 2022"]
[White "Matlakov, Maxim"]
[Black "Costachi, Mihnea"]
[WhiteFideId "4168003"]
[BlackFideId "1217518"]
[WhiteElo "2669"]
[BlackElo "2464"]
[Result "1/2-1/2"]
[Round "10"]
[TimeControl "180+1"]
[Date "2022.03.29"]
[WhiteClock "0:00:09"]
[BlackClock "0:00:18"]

1. e4 e5 2. Nf3 Nc6 3. Bc4 Bc5 4. c3 Nf6 5. d4 exd4 6. cxd4 Bb4+ 7. Nbd2 Nxe4 8. d5 Ne7 9. O-O Nxd2 10. Nxd2 Bxd2 11. Bxd2 d6 12. Rc1 O-O 13. Re1 Ng6 14. Bb3 Bd7 15. Qf3 Rc8 16. Qg3 Qh4 17. Qxh4 Nxh4 18. Bb4 Ng6 19. Re3 Rfd8 20. g3 c5 21. dxc6 Bxc6 22. f4 d5 23. Kf2 d4 24. Ree1 Bd7 25. Rxc8 Bxc8 26. Rd1 b6 27. Rc1 Be6 28. Bxe6 fxe6 29. Rc7 a5 30. Bd2 e5 31. fxe5 Nxe5 32. Bg5 Rf8+ 33. Kg2 h6 34. Bf4 Nd3 35. Bd6 Rf2+ 36. Kh3 Nxb2 37. Be5 Rf7 38. Rc8+ Kh7 39. Bxd4 Na4 40. Rc6 b5 41. Ra6 Rd7 42. Be5 Re7 43. Bd4 Re4 44. Ba1 Re1 45. Bd4 Rd1 46. Be5 Rd5 47. Bf4 b4 48. Bc7 Nc3 49. Bxa5 Nxa2 50. Bc7 b3 51. Rb6 Nc1 52. Bf4 Nd3 53. Rxb3 Nxf4+ 54. gxf4 Kg6 55. Kg4 Rd6 56. h4 h5+ 57. Kg3 Kf6 58. Rc3 g6 59. Kf3 Re6 60. Rc5 Rd6 1/2-1/2


[Site "https://www.chess.com"]

[Event "Titled Tuesday Blitz March 29 Early 2022"]
[White "Migot, Tangi"]
[Black "Polster, Christian"]
[WhiteFideId "662445"]
[BlackFideId "12965081"]
[WhiteElo "2515"]
[BlackElo "2351"]
[Result "1/2-1/2"]
[Round "10"]
[TimeControl "180+1"]
[Date "2022.03.30"]
[WhiteClock "0:00:18"]
[BlackClock "0:00:04"]

1. d4 d5 2. c4 e6 3. Nc3 c6 4. cxd5 exd5 5. Bf4 Bd6 6. Bxd6 Qxd6 7. Qc2 Nf6 8. e3 Bg4 9. Bd3 O-O 10. Nge2 Bxe2 11. Bxe2 Nbd7 12. O-O Rfe8 13. Rab1 a5 14. a3 Ne4 15. Na4 b5 16. Nc3 Nb6 17. Nxe4 Rxe4 18. Bd3 Rh4 19. g3 Rh6 20. Rbc1 a4 21. Rfd1 Nc4 22. e4 Qd7 23. Bf1 Re8 24. e5 f6 25. exf6 Rxf6 26. Re1 Rfe6 27. Rxe6 Qxe6 28. Qc3 Qe4 29. Rd1 Rf8 30. Re1 Qf5 31. f4 g5 32. fxg5 Qf2+ 33. Kh1 Rf3 34. Qc1 Ne3 35. Bh3 Kg7 36. Rg1 Rf5 37. Qxc6 Qf3+ 38. Bg2 Nxg2 39. Rxg2 Qd1+ 40. Rg1 Qf3+ 41. Rg2 Qf1+ 42. Rg1 Qf3+ 43. Rg2 1/2-1/2


[Site "https://www.chess.com"]

[Event "Titled Tuesday Blitz March 29 Early 2022"]
[White "Mika, Tomasz"]
[Black "Baches Garcia, Guillermo"]
[WhiteFideId "1132970"]
[BlackFideId "2209764"]
[WhiteElo "2116"]
[BlackElo "2498"]
[Result "1/2-1/2"]
[Round "10"]
[TimeControl "180+1"]
[Date "2022.03.30"]
[WhiteClock "0:00:28"]
[BlackClock "0:00:21"]

1. d4 Nf6 2. Nf3 e6 3. g3 d5 4. Bg2 Be7 5. O-O O-O 6. c4 dxc4 7. Qc2 a6 8. a4 Bd7 9. Ne5 Nc6 10. Nxc6 Bxc6 11. Bxc6 bxc6 12. Qxc4 Qd5 13. Qc3 Rfd8 14. Be3 Ne4 15. Qc2 Bg5 16. Bxg5 Nxg5 17. h4 Ne4 18. Nc3 Nxc3 19. bxc3 c5 20. e3 Rac8 21. Rab1 cxd4 22. cxd4 c5 23. dxc5 Qxc5 24. Qxc5 Rxc5 25. Rfc1 Ra5 26. Rc4 g6 27. Rb7 Rdd5 28. Kg2 Rdc5 29. Rxc5 Rxc5 30. Rb6 Ra5 31. Rb4 h5 32. Kf3 Kg7 33. Ke4 Kf6 34. f3 Rd5 35. Rc4 Ra5 36. f4 Rd5 37. Rc6 Ra5 38. Rc4 Rd5 39. Rb4 Ra5 40. Kf3 Rd5 41. e4 Rd3+ 42. Kf2 Ra3 43. Kg2 Ke7 44. e5 Kd7 45. Rb7+ Ke8 46. Rb8+ Ke7 47. Rb7+ Ke8 48. Rb8+ Ke7 49. Rb7+ Ke8 1/2-1/2


[Site "https://www.chess.com"]

[Event "Titled Tuesday Blitz March 29 Early 2022"]
[White "Mirzoev, Azer"]
[Black "Brodowski, Piotr"]
[WhiteFideId "13400304"]
[BlackFideId "1124480"]
[WhiteElo "2525"]
[BlackElo "2422"]
[Result "1-0"]
[Round "10"]
[TimeControl "180+1"]
[Date "2022.03.29"]
[WhiteClock "0:02:30"]
[BlackClock "0:00:31"]

1. b3 Nf6 2. Bb2 g6 3. Nf3 Bg7 4. c4 O-O 5. e3 c5 6. Be2 Nc6 7. O-O d6 8. d4 cxd4 9. exd4 Bg4 10. h3 Bxf3 11. Bxf3 Nd7 12. Na3 Rc8 13. Re1 Re8 14. Nc2 a6 15. Qd2 b5 16. cxb5 axb5 17. Bxc6 Rxc6 18. Nb4 Rc8 19. d5 Nf6 20. Re2 Qa5 21. Rae1 Nxd5 22. Nxd5 Qxd2 23. Rxd2 f6 24. Rxe7 Rxe7 25. Nxe7+ 1-0


[Site "https://www.chess.com"]

[Event "Titled Tuesday Blitz March 29 Early 2022"]
[White "Miszler, Levente"]
[Black "Sanchez Alvares, Kelvin Antonio"]
[WhiteFideId "763276"]
[BlackFideId "3906680"]
[WhiteElo "1966"]
[BlackElo "2193"]
[Result "1-0"]
[Round "10"]
[TimeControl "180+1"]
[Date "2022.03.30"]
[WhiteClock "0:01:17"]
[BlackClock "0:01:08"]

1. Nf3 d5 2. d4 Nf6 3. Bg5 Ne4 4. Bf4 c5 5. e3 Nc6 6. Nbd2 Bg4 7. Be2 Nxd2 8. Qxd2 e6 9. c3 cxd4 10. exd4 Bxf3 11. Bxf3 Bd6 12. O-O Bxf4 13. Qxf4 Qf6 14. Qc7 Qe7 15. Qg3 O-O 16. Rfe1 Rfd8 17. Be2 Qd6 18. Qh4 Ne7 19. Bd3 Ng6 20. Bxg6 hxg6 21. Re3 f6 22. Rae1 Re8 23. Qg4 Kf7 24. Rg3 g5 25. Qh5+ Kg8 26. Qg6 Qf8 27. Rh3 Rad8 28. Ree3 e5 29. dxe5 d4 30. e6 Qc5 31. Qf7# 1-0


[Site "https://www.chess.com"]

[Event "Titled Tuesday Blitz March 29 Early 2022"]
[White "Mortazavi, Ali"]
[Black "Papasimakopoulos, Alexandros"]
[WhiteFideId "401323"]
[BlackFideId "4244125"]
[WhiteElo "2339"]
[BlackElo "2340"]
[Result "0-1"]
[Round "10"]
[TimeControl "180+1"]
[Date "2022.03.29"]
[WhiteClock "0:00:22"]
[BlackClock "0:00:36"]

1. Nf3 f5 2. d3 d6 3. d4 Nf6 4. Nc3 g6 5. Bg5 Nbd7 6. h4 h6 7. Bf4 Bg7 8. d5 Nc5 9. e3 e5 10. dxe6 Bxe6 11. Nd4 Bd7 12. Bc4 Qe7 13. Qf3 O-O-O 14. O-O-O Nce4 15. Nxe4 Nxe4 16. Qe2 g5 17. Bh2 Qf6 18. c3 Rhe8 19. Qc2 Kb8 20. Nb3 f4 21. f3 Ng3 22. Bxg3 fxg3 23. e4 gxh4 24. Nd4 Qg5+ 25. Kb1 h3 26. gxh3 Rf8 27. Be6 Bxd4 28. Bxd7 Rxd7 29. cxd4 Rxf3 30. Rhg1 h5 31. Qe2 Rf8 32. e5 dxe5 33. dxe5 Re7 34. e6 h4 35. Rd7 Rxd7 36. exd7 Qf5+ 37. Ka1 Qxd7 38. a3 Qxh3 39. Re1 a6 40. Qe7 Rg8 41. Qf7 Qc8 42. Qh5 h3 0-1


[Site "https://www.chess.com"]

[Event "Titled Tuesday Blitz March 29 Early 2022"]
[White "Muradov, Soltan"]
[Black "Kopylov, Alexander A."]
[WhiteFideId "14002108"]
[BlackFideId "4164857"]
[WhiteElo "1854"]
[BlackElo "2436"]
[Result "1-0"]
[Round "10"]
[TimeControl "180+1"]
[Date "2022.03.30"]
[WhiteClock "0:00:06"]
[BlackClock "0:00:10"]

1. Nf3 d5 2. b3 Nf6 3. Bb2 e6 4. e3 Be7 5. c4 c6 6. d4 O-O 7. Bd3 Bd6 8. Nbd2 Nbd7 9. Qc2 Qc7 10. g4 e5 11. dxe5 Nxe5 12. g5 Nxd3+ 13. Qxd3 Ne8 14. Rg1 Be6 15. O-O-O b5 16. cxb5 cxb5+ 17. Kb1 a5 18. Nd4 Bd7 19. N2f3 a4 20. Nxb5 Bxb5 21. Qxb5 axb3 22. axb3 Ba3 23. Qxd5 Bxb2 24. Qxa8 Qc3 25. Rd8 Qxb3 26. Qb8 Qe6 27. Qxb2 Qe4+ 28. Ka1 Qxf3 29. Rc1 Qe4 30. Rcc8 Qa4+ 31. Kb1 Qe4+ 32. Kc1 g6 33. Qb5 Qh1+ 34. Kd2 Qf3 35. Ke1 Qh1+ 36. Ke2 Qxh2 37. Rxe8 Qh5+ 38. Ke1 Qh1+ 39. Kd2 Qf3 40. Rxf8+ 1-0


[Site "https://www.chess.com"]

[Event "Titled Tuesday Blitz March 29 Early 2022"]
[White "Murzin, Volodar"]
[Black "Vokhidov, Shamsiddin"]
[WhiteFideId "44155573"]
[BlackFideId "14204223"]
[WhiteElo "2585"]
[BlackElo "2611"]
[Result "1-0"]
[Round "10"]
[TimeControl "180+1"]
[Date "2022.03.29"]
[WhiteClock "0:00:26"]
[BlackClock "0:00:26"]

1. e4 c5 2. Nf3 d6 3. c3 Nf6 4. h3 g6 5. Bd3 Bg7 6. O-O O-O 7. Bc2 e5 8. d4 exd4 9. cxd4 Nc6 10. Be3 d5 11. e5 Ne4 12. Nc3 cxd4 13. Bxd4 Nxd4 14. Qxd4 Nxc3 15. bxc3 Be6 16. Bb3 Qc7 17. Bxd5 Rad8 18. c4 b5 19. Rac1 Qa5 20. Qe4 Bxd5 21. cxd5 Qxa2 22. Rfd1 Rfe8 23. Rc7 Qb3 24. Rd4 Rc8 25. Rxa7 Qb2 26. d6 Rc1+ 27. Kh2 Qxf2 28. d7 Bxe5+ 29. Qxe5 Rxe5 30. d8=Q+ Kg7 31. Rxf7+ Kh6 32. Qf8+ Kh5 33. Rxh7# 1-0


[Site "https://www.chess.com"]

[Event "Titled Tuesday Blitz March 29 Early 2022"]
[White "Nozdrachev, Leonid"]
[Black "Liyanage, Ranindu Dilshan"]
[WhiteFideId "24113433"]
[BlackFideId "9915834"]
[WhiteElo "2118"]
[BlackElo "1858"]
[Result "0-1"]
[Round "10"]
[TimeControl "180+1"]
[Date "2022.03.30"]
[WhiteClock "0:00:22"]
[BlackClock "0:01:09"]

1. e4 a5 2. d4 c6 3. Nf3 g6 4. Nc3 Bg7 5. Be3 b5 6. d5 Qc7 7. Bd4 Nf6 8. dxc6 dxc6 9. e5 Ng4 10. e6 f6 11. Qe2 O-O 12. O-O-O a4 13. Kb1 b4 14. Ne4 Ba6 15. Qe1 b3 16. cxb3 axb3 17. a3 Rd8 18. Qc3 Qf4 19. Nc5 Nxf2 20. Bxa6 Nxd1 21. Qc1 Qxc1+ 22. Kxc1 Nxa6 23. Rxd1 Bh6+ 0-1


[Site "https://www.chess.com"]

[Event "Titled Tuesday Blitz March 29 Early 2022"]
[White "Odegov, Artem"]
[Black "Skliarov, Viktor"]
[WhiteFideId "34183644"]
[BlackFideId "14106736"]
[WhiteElo "2286"]
[BlackElo "2229"]
[Result "0-1"]
[Round "10"]
[TimeControl "180+1"]
[Date "2022.03.30"]
[WhiteClock "0:00:14"]
[BlackClock "0:00:07"]

1. d4 Nf6 2. c4 e6 3. Nf3 b6 4. g3 Bb7 5. Bg2 Be7 6. O-O O-O 7. d5 exd5 8. Nh4 Ne4 9. Nf5 dxc4 10. Nd2 d5 11. Nxe4 dxe4 12. Qc2 Bf6 13. Rd1 Qe8 14. Bf4 Na6 15. Rd2 Nb4 16. Qxc4 Qe6 17. Qxe6 fxe6 18. Nd4 e5 19. Ne6 exf4 20. Nxf8 Rxf8 21. a3 Na6 22. gxf4 Nc5 23. Rad1 a5 24. e3 Ba6 25. Rd5 Be2 26. R1d2 Bd3 27. Bh3 a4 28. Bg4 Kf7 29. Bd1 Ke7 30. f3 g6 31. fxe4 Bxe4 32. Rxc5 bxc5 33. Bxa4 Rd8 34. Rxd8 Kxd8 35. b4 cxb4 36. axb4 Bc3 37. b5 Be1 38. Kf1 Bh4 39. Bb3 Ke7 40. Bc4 Kd6 41. Ke2 Kc5 42. Bg8 h6 43. Be6 Kxb5 44. Kd2 c5 45. Bf7 Kb4 46. Be6 c4 47. Bf5 c3+ 0-1


[Site "https://www.chess.com"]

[Event "Titled Tuesday Blitz March 29 Early 2022"]
[White "Oganian, Miran"]
[Black "Bortnyk, Olexandr"]
[WhiteFideId "4122488"]
[BlackFideId "14120828"]
[WhiteElo "2357"]
[BlackElo "2723"]
[Result "0-1"]
[Round "10"]
[TimeControl "180+1"]
[Date "2022.03.29"]
[WhiteClock "0:00:04"]
[BlackClock "0:00:44"]

1. e4 Nf6 2. Nc3 d5 3. exd5 Nxd5 4. d4 g6 5. Nf3 Bg7 6. Bc4 Nxc3 7. bxc3 O-O 8. O-O c5 9. Be3 Qa5 10. Qe1 Nc6 11. Rb1 cxd4 12. cxd4 Qxe1 13. Rfxe1 e6 14. d5 Na5 15. Bb5 a6 16. Bf1 b5 17. Bb6 Nc4 18. Bxc4 bxc4 19. d6 Bd7 20. Ne5 Bb5 21. d7 Bxe5 22. d8=Q Rfxd8 23. Bxd8 Bc3 24. Red1 Ba4 25. Rd6 Bxc2 26. Rb7 Be5 27. Rd2 Be4 28. Re7 c3 29. Re8+ Kg7 30. Rd1 c2 31. Re1 Bc3 32. Rc1 Bb2 33. Rxc2 Bxc2 34. Bf6+ Kxf6 35. Rxa8 Bd3 36. a4 h5 37. Rd8 Bc4 38. Rc8 Bd5 39. Rb8 Bc3 40. Rb6 a5 41. Rb1 Bb4 42. g3 Bc6 43. Ra1 Ke5 44. h4 Kd4 45. Rd1+ Kc4 46. Rc1+ Bc3 47. Ra1 Bxa1 0-1


[Site "https://www.chess.com"]